 Dungeon Crawl Stone Soup version 0.29.1-13-g9f3cf754e1 (webtiles) character file.

Game seed: 7346939064687001690

4306 VictoriousLee the Basher (level 10, 0/105 HPs)
             Began as a Demonspawn Abyssal Knight on Jan 31, 2023.
             Was a High Priest of Lugonu.
             Slain by a vampire (8 damage)
             ... on level 9 of the Dungeon on Feb 1, 2023.
             The game lasted 00:51:52 (8899 turns).

VictoriousLee the Basher (DsAK)                     Turns: 8899, Time: 00:51:53

Health: 0/105      AC: 25    Str: 24    XL:     10   Next: 11%
Magic:  11/11      EV:  2    Int: 11    God:    Lugonu [*****.]
Gold:   559        SH:  5    Dex: 18    Spells: 7/9 levels left

rFire   . . .      SeeInvis .   q - +4 mace (freeze)
rCold   . . .      Faith    .   (no shield)
rNeg    . . .      Spirit   .   (body armour currently unavailable)
rPois   +          Reflect  +   (helmet currently unavailable)
rElec   .          Harm     .   (cloak currently unavailable)
rCorr   .          Rampage  .   (gloves currently unavailable)
Will    .....      NoTele   +   (boots currently unavailable)
Stlth   ++........              K - amulet of reflection
HPRegen 0.27/turn               t - +4 ring of evasion
MPRegen 0.12/turn               C - ring of Zunussaz {Str+6 Dex+4}

@: tree-form (expiring)
A: stationary, stasis, torment immunity, boosted hp, (antennae 1), (icy blue
scales 1), powered by pain 2, demonic magic 2
a: Renounce Religion, Depart the Abyss, Bend Space, Banish, Corrupt, Enter the
Abyss


You were on level 9 of the Dungeon.
You worshipped Lugonu.
Lugonu was extremely pleased with you.
You were a tree.
You visited 1 branch of the dungeon, and saw 9 of its levels.
You visited the Abyss 1 time.

You collected 922 gold pieces.
You spent 363 gold pieces at shops.

Inventory:

Hand Weapons
 a - a +1 mace
 n - a +2 shortbow of flaming
 q - a +4 mace of freezing (weapon)
 s - a +1 hand axe of flaming
 w - a +0 flail of protection
 F - a +3 war axe
 H - a +1 battleaxe of electrocution
Missiles
 d - 24 poisoned darts (quivered)
 j - 27 stones
 x - a throwing net
Armour
 g - a +1 pair of gloves (melded)
 k - a +0 cloak (melded)
 m - a +1 hat
 p - a +0 scale mail (melded)
 v - +0 steam dragon scales
 R - a +0 tower shield
Magical Staves
 e - a staff of earth
 E - a staff of air
Jewellery
 t - a +4 ring of evasion (left branch)
 C - the ring of Zunussaz (right branch) {Str+6 Dex+4}
   (You found it on level 7 of the Dungeon)

   [ring of strength]

   Str:       It affects your strength (+6).
   Dex:       It affects your dexterity (+4).
 D - a ring of resist corrosion
 K - an amulet of reflection (around neck)
 L - a +6 ring of dexterity
Wands
 N - a wand of quicksilver (8)
 S - a wand of iceblast (8)
Scrolls
 c - 4 scrolls of immolation {unknown}
 i - a scroll of identify
 u - a scroll of fog
 B - 4 scrolls of blinking {unknown}
 Q - a scroll of poison {unknown}
 T - a scroll of silence {unknown}
Potions
 f - a potion of ambrosia
 h - a potion of brilliance {unknown}
 l - a potion of magic
 r - 2 potions of curing
 A - a potion of cancellation
 J - a potion of mutation {unknown}
 M - a potion of flight


   Skills:
 - Level 3.0 Fighting
 + Level 13.5 Maces & Flails
 - Level 1.7 Armour
 - Level 0.8 Dodging
 - Level 2.4 Invocations


You had 7 spell levels left.
You knew the following spells:

 Your Spells              Type           Power      Damage    Failure   Level
a - Blink                 Tloc           0%         N/A       47%         2

Your spell library contained the following spells:

 Spells                   Type           Power      Damage    Failure   Level
 Necrotise                Necr           0%         1d4       34%         1
 Lesser Beckoning         Tloc           0%         N/A       71%         3
 Portal Projectile        Hex/Tloc       0%         N/A       71%         3
 Tukima's Dance           Hex            0%         N/A       71%         3
 Vampiric Draining        Necr           0%         2d6       71%         3
 Agony                    Necr           0%         N/A       100%        5
 Blade Hands              Tmut           0%         N/A       100%        5
 Manifold Assault         Tloc           0%         N/A       100%        5


Dungeon Overview and Level Annotations

Branches:
Dungeon (9/15)             Temple (0/1) D:7            Lair (0/5) D:8
    Orc: D:9-12

Altars:
Ashenzari
Cheibriados
Dithmenos
Gozag
Hepliaklqana
Kikubaaqudgha
Makhleb
Okawaru
Sif Muna
Trog
Uskayaw

Shops:
D:3 *   D:7 =(([


Innate Abilities, Weirdness & Mutations

You are a tree.
Your roots penetrate the ground, keeping you stationary.
You cannot be teleported.
You are immune to unholy pain and torment.
Your maximum health is greatly increased.
Your equipment is partially melded.
((You have a pair of small antennae on your head.))
((You are partially covered in icy blue scales. (AC +2)))
You sometimes gain power by taking damage.
Spells you cast may paralyse nearby enemies.


Message History

You barely miss something. Something hits you but does no damage.
Something bites you but does no damage.
You closely miss something. You hit something.
Something draws life force from you!
* * * LOW HITPOINT WARNING * * *
You hit something. You freeze something. Something draws life force from you!
* * * LOW HITPOINT WARNING * * *
You sock something! You freeze something.
You hear some strange, mumbled words.
You are confused.
You are more confused.
You feel invigorated. Something hits you but does no damage.
Something bites you.
* * * LOW HITPOINT WARNING * * *
Something draws strength from your injuries!
You feel better.
You feel less invigorated. Something hits you but does no damage.
Something bites you but does no damage.
You cannot move.
You cannot move.
You cannot move.
You cannot move.
You miss something. You hit something. You freeze something.
Something hits you but does no damage. Something bites you but does no damage.
You miss something. Something hits you.
* * * LOW HITPOINT WARNING * * *
Something bites you but does no damage.
You barely miss something. You hit something but do no damage.
Something hits you but does no damage. Something bites you but does no damage.
You sock something!
Your transformation is almost over.
Something hits you but does no damage. Something bites you but does no damage.
You miss something. Something hits you but does no damage.
Something bites you but does no damage.
You miss something. You miss something. Something draws life force from you!
* * * LOW HITPOINT WARNING * * *
You miss something. Something hits you!
You die...

#### # ..#
.#
####.##..#
#..{♣....#
#.##.###.#
# #<...#
#..#.#
#..#.#
#..# .
##.. ..
.... ..
#### ###


There were no monsters in sight!

Vanquished Creatures
  Maggie (D:6)
  2 steam dragons
  3 vampire mosquitoes (D:6)
  Menkaure (D:6)
  Edmund (D:5)
  4 water moccasins (D:8)
  2 ice beasts
  4 black bears
  A centaur (D:6)
  A kobold brigand (D:7)
  2 scorpions
  A necrophage (D:5)
  4 bullfrogs
  12 wights
  5 killer bees (D:8)
  8 crimson imps (D:7)
  2 orc priests
  4 hounds
  A jelly (D:6)
  3 iguanas
  2 orc wizards
  6 adders
  A shadow imp (D:7)
  2 white imps (D:7)
  2 worms
  15 orcs
  4 bats
  10 endoplasms
  6 goblins
  2 hobgoblins (D:4)
  3 quokkas
  9 ball pythons
  3 frilled lizards
  11 kobolds
  4 rats
142 creatures vanquished.

Vanquished Creatures (others)
  An orc wizard (D:5)
  29 fungi (D:8)
  28 plants (D:8)
58 creatures vanquished.

Grand Total: 200 creatures vanquished

Notes
Turn   | Place    | Note
-------+----------+-------------------------------------------
     0 | Abyss:1  | VictoriousLee the Demonspawn Abyssal Knight began the quest
                  | for the Orb.
     0 | Abyss:1  | Reached XP level 1. HP: 18/18 MP: 2/2
     8 | D:1      | Escaped the Abyss
    41 | D:1      | Reached skill level 2 in Maces & Flails
   371 | D:1      | Gained mutation: You sometimes gain a little power by
                  | taking damage. [demonic ancestry]
   371 | D:1      | Reached XP level 2. HP: 24/24 MP: 3/3
   947 | D:2      | Reached skill level 3 in Maces & Flails
   947 | D:2      | Gained mutation: You are partially covered in icy blue
                  | scales. (AC +2) [demonic ancestry]
   947 | D:2      | Reached XP level 3. HP: 29/29 MP: 4/4
  1539 | D:2      | Learned a level 2 spell: Blink
  1635 | D:3      | Found a shadowy altar of Dithmenos.
  1654 | D:3      | Reached *** piety under Lugonu
  2112 | D:2      | Reached skill level 4 in Maces & Flails
  2112 | D:2      | Reached XP level 4. HP: 34/35 MP: 5/5
  2229 | D:3      | Found Leemil's General Store.
  2251 | D:3      | Bought a potion of curing for 33 gold pieces
  2794 | D:4      | Found a bloodstained altar of Trog.
  2920 | D:4      | Found a snail-covered altar of Cheibriados.
  2943 | D:4      | Found a burning altar of Makhleb.
  3062 | D:4      | Found a hazy altar of Hepliaklqana.
  3278 | D:5      | Entered Level 5 of the Dungeon
  3297 | D:5      | Gained mutation: You have a pair of small antennae on your
                  | head. [demonic ancestry]
  3297 | D:5      | Reached XP level 5. HP: 41/41 MP: 6/6
  3377 | D:5      | Reached skill level 5 in Maces & Flails
  3700 | D:5      | Reached XP level 6. HP: 47/47 MP: 7/7
  3725 | D:5      | Found a hide-covered altar of Uskayaw.
  3940 | D:5      | Reached skill level 6 in Maces & Flails
  3942 | D:5      | Noticed an ice beast
  4304 | D:5      | Noticed Edmund
  4330 | D:5      | Found a shimmering blue altar of Sif Muna.
  4343 | D:5      | Killed Edmund
  4566 | D:5      | Killed an ice beast
  4567 | D:5      | Reached skill level 7 in Maces & Flails
  4567 | D:5      | Gained mutation: Spells you cast may paralyse adjacent
                  | enemies. [demonic ancestry]
  4567 | D:5      | Reached XP level 7. HP: 52/52 MP: 8/8
  4738 | D:6      | Found an iron altar of Okawaru.
  4784 | D:6      | Noticed Maggie
  4805 | D:6      | Killed Maggie
  4806 | D:6      | Reached skill level 8 in Maces & Flails
  4848 | D:6      | Noticed Menkaure
  4854 | D:6      | Killed Menkaure
  4855 | D:6      | Gained mutation: You sometimes gain power by taking damage.
                  | [demonic ancestry]
  4855 | D:6      | Reached XP level 8. HP: 58/58 MP: 9/9
  4882 | D:6      | Reached **** piety under Lugonu
  4883 | D:6      | Reached skill level 9 in Maces & Flails
  4997 | D:6      | Found a broken altar of Ashenzari.
  5018 | D:6      | Found an ancient bone altar of Kikubaaqudgha.
  5232 | D:6      | Reached skill level 10 in Maces & Flails
  5482 | D:6      | Reached skill level 11 in Maces & Flails
  5482 | D:6      | Gained mutation: Spells you cast may paralyse nearby
                  | enemies. [demonic ancestry]
  5482 | D:6      | Reached XP level 9. HP: 14/63 MP: 10/10
  6183 | D:7      | Found Baha's Antique Weapon Boutique.
  6230 | D:7      | Identified the ring of Zunussaz {Str+6 Dex+4}
  6238 | D:7      | Found Naoddya's Jewellery Boutique.
  7092 | D:7      | Reached skill level 12 in Maces & Flails
  7242 | D:7      | Bought an amulet of reflection for 330 gold pieces
  7293 | D:7      | Found Letoxa's Armour Boutique.
  7481 | D:7      | Found Acloluxt's Weapon Emporium.
  7507 | D:7      | Found an opulent altar of Gozag.
  7565 | D:7      | Found a staircase to the Ecumenical Temple.
  8130 | D:8      | Reached skill level 13 in Maces & Flails
  8148 | D:8      | Reached XP level 10. HP: 52/70 MP: 11/11
  8191 | D:8      | Reached ***** piety under Lugonu
  8447 | D:8      | Found a staircase to the Lair.
  8899 | D:9      | Slain by a vampire

Illustrated notes

Levels and vault maps discovered:
D:1:      lightli_arrival_maybe_door_vault, layout_loops_ring
D:2:      layout_loops_cross
D:3:      layout_rooms, nicolae_overflow_hidden_temple, serial_shops, shop
D:4:      layout_gridville, worldfamousw_hep_ancestral_shrine,
          mainiacjoe_overflow_six_doors_small, bloody_makhleb,
          lemuel_doored_altar, elyvilon_altar_1
D:5:      layout_loops_ring, tgw_sif, nicolae_uskayaw_suspiria, uniq_edmund
D:6:      layout_basic, okawaru_gym_becter, mainiacjoe_overflow_catwalk_spiral,
          uniq_maggie, uniq_menkaure
D:7:      layout_gridville, grunt_temple_overflow_gold_and_silver,
          minmay_temple_entry_poolview, serial_shops, nicolae_shop_stone, shop,
          shop, nicolae_shop_advertising_works [nicolae_subvault_shop_adworks],
          minmay_nine_imps
D:8:      layout_loops_ring, due_lair_maze_entry_diamond, enter_bailey_2
D:9:      lemuel_ice_spiral_2, layout_basic, uniq_grum

Skill      XL: |  1  2  3  4  5  6  7  8  9 |
---------------+----------------------------+-----
Maces & Flails | 2 3 4 5 7 8 11 13 | 13.5
Fighting       | |  3.0
Armour         | |  1.7
Dodging        | |  0.8
Invocations    | |  2.4

Action                   |  1- 3 |  4- 6 |  7- 9 | 10-12 || total
-------------------------+-------+-------+-------+-------++-------
Melee: Mace              |   122 |    25 |   130 |    75 ||   352
       Hand axe          |       |   110 |   240 |       ||   350
       Punch             |       |       |     3 |     2 ||     5
Throw: Dart              |       |    17 |       |     1 ||    18
       Stone             |       |     1 |       |     1 ||     2
Invok: Bend Space        |       |     2 |       |       ||     2
  Use: Scroll            |       |     6 |     3 |     3 ||    12
       Potion            |       |     2 |     5 |     4 ||    11
Armor: Leather armour    |    62 |       |       |       ||    62
       Scale mail        |     1 |    66 |   134 |    19 ||   220
       Skin              |       |    16 |       |    15 ||    31
Dodge: Dodged            |    69 |    81 |   264 |    21 ||   435
Block: Other             |       |       |     9 |     8 ||    17
